Cogmind - Beta 16.1 @@@ ROGUE MODE // 2026.03.05 @ 09:27:31 Player: puppuppit Result: Destroyed by Y-54 Guardian with Gatling Laser Performance ------------- Evolutions (3) 1500 Regions Visited (12) 2400 Robots Destroyed (305) 1525 Value Destroyed (10005) 10005 Prototype IDs (16) 320 Alien Tech Used (0) 0 Bonus (5931) 5931 TOTAL SCORE: 21681 Bonus ------- Triggered High Security 500 High Alert Combat Kills 3610 Follower Combat Kills 1493 Hunted by Unchained 500 Entered Garrisons 400 Friendly Fire -572 Cogmind --------- Core Integrity 0/700 Matter 276/300 Energy 160/160 System Corruption 0% Temperature Cool (6) Movement Treading (160) Location -7/Garrison Parts ------- > --- POWER (1) -------- Light Nuclear Core > --- PROPULSION (4) --- Improved Heavy Treads Improved Heavy Treads > --- UTILITY (5) ------ Improved Cooling System High-capacity Storage Unit Advanced Targeting Computer Centrium Light Armor Plating Improved Focal Shield > --- WEAPON (3) ------- Precision Assault Rifle Precision Assault Rifle Heavy Machine Gun > --- INVENTORY (20) --- Improved Heavy Treads Cooled Aerolev Unit Combat Airjet Combat Airjet Combat Airjet Large Matter Pod (150) Compact Matter Pod (150) Compact Matter Pod (150) Gravity Neutralizer Improved Propulsion Shielding Layered Medium Armor Plating Graphene Brace High-powered Tractor Beam Hypervelocity Gauss Cannon Hypervelocity Gauss Cannon Hypervelocity Gauss Cannon Missile Launcher Heavy Rocket Launcher Plasma Cutter Peak State ------------ > --- POWER ------------ Light Nuclear Core > --- PROPULSION ------- Improved Heavy Treads Improved Heavy Treads > --- UTILITY ---------- Improved Cooling System High-capacity Storage Unit Advanced Targeting Computer Centrium Light Armor Plating Improved Focal Shield > --- WEAPON ----------- Precision Assault Rifle Precision Assault Rifle Precision Assault Rifle > --- INVENTORY -------- Improved Heavy Treads Cooled Aerolev Unit Combat Airjet Combat Airjet Combat Airjet Large Matter Pod Compact Matter Pod Compact Matter Pod Gravity Neutralizer Graphene Brace High-powered Tractor Beam Heavy Machine Gun Hypervelocity Gauss Cannon Hypervelocity Gauss Cannon Hypervelocity Gauss Cannon Missile Launcher Heavy Rocket Launcher Plasma Cutter [Rating: 78] Favorites ----------- Power Nuclear Core Engine Light Ion Engine Power Core Nuclear Core Propulsion Combat Airjet Treads Armored Treads Leg Improved Carbon-fiber Leg Wheel Wheel Hover Unit Combat Airjet Utility High-capacity Storage Unit Device Improved Terrain Scanner Storage High-capacity Storage Unit Processor Advanced Targeting Computer Hackware System Shield Protection Improved Medium Armor Plating Weapon Enhanced Autogun Ballistic Gun Enhanced Autogun Ballistic Cannon Light Cannon Launcher Missile Launcher Special Weapon Plasma Cutter Slashing Weapon Blade Saw Build | -11 -10 -10 -10 -9 -8 -8 -8 -8 -7 -7 -7 -7 ------- Run | Yrd Mat Min Exi Min Mat Gar Mat Sto Fac Was Fac Gar Slots Evolved 6 | . . . . . 4 . . . 2 . . . Power . | . . . . . . . . . . . . . Propulsion 2 | . . . . . . . . . 2 . . . Utility 3 | . . . . . 3 . . . . . . . Weapon 1 | . . . . . 1 . . . . . . . Parts Attached 149 | 7 6 10 2 . 40 12 4 16 15 7 17 13 Power 20 | 1 1 1 . . 6 . 1 2 2 2 2 2 Engine 12 | 1 1 1 . . 3 . . 2 1 1 1 1 Core 8 | . . . . . 3 . 1 . 1 1 1 1 Reactor . | . . . . . . . . . . . . . Propulsion 29 | 2 . 4 . . 9 1 . 4 4 . 1 4 Treads 15 | 2 . . . . 8 . . 3 . . . 2 Leg 2 | . . . . . . . . . . . . 2 Wheel 4 | . . 4 . . . . . . . . . . Hover 8 | . . . . . 1 1 . 1 4 . 1 . Flight . | . . . . . . . . . . . . . Utility 51 | 2 1 1 2 . 14 2 3 6 5 3 8 4 Device 24 | 1 . 1 . . 5 1 . 2 3 3 5 3 Storage 7 | 1 1 . 2 . 1 . 1 1 . . . . Processor 7 | . . . . . 2 . 2 1 2 . . . Hackware 7 | . . . . . 4 . . 1 . . 2 . Protection 6 | . . . . . 2 1 . 1 . . 1 1 Artifact . | . . . . . . . . . . . . . Weapon 49 | 2 4 4 . . 11 9 . 4 4 2 6 3 Energy Gun . | . . . . . . . . . . . . . Energy Cannon . | . . . . . . . . . . . . . Ballistic Gun 29 | 2 . . . . 10 4 . 3 4 . 4 2 Ballistic Cannon 12 | . 3 4 . . . 2 . . . 1 1 1 Launcher 6 | . 1 . . . 1 1 . 1 . 1 1 . Special Weapon 1 | . . . . . . 1 . . . . . . Impact Weapon . | . . . . . . . . . . . . . Slashing Weapon 1 | . . . . . . 1 . . . . . . Piercing Weapon . | . . . . . . . . . . . . . Special Melee Weapon . | . . . . . . . . . . . . . Unidentified Prototypes 9 | . . . . . 2 . . 4 1 1 . 1 Corrupted Parts 1 | . . . . . 1 . . . . . . . System Corruption 1 | . . . . . 1 . . . . . . . Parts Lost 32 | . . 6 . . 7 6 2 . 1 . 5 5 Power 5 | . . 1 . . 1 . . . . . 1 2 Propulsion 8 | . . 3 . . 2 2 . . . . 1 . Utility 6 | . . . . . 1 1 2 . 1 . . 1 Weapon 13 | . . 2 . . 3 3 . . . . 3 2 Highest Loss Streak 4 | . . 4 . . 2 3 1 . 1 . 2 2 To Critical Strikes . | . . . . . . . . . . . . . Average Backups 17 | . 11 14 16 19 18 18 19 19 19 19 19 19 Power . | . . . 1 2 2 . . . 1 1 1 . Propulsion 2 | . . . 2 2 1 3 6 6 2 2 1 4 Utility 5 | . 1 2 2 4 5 6 5 5 6 6 8 9 Weapon 7 | . 9 11 10 10 8 6 6 6 8 8 7 4 Tool/Special . | . . . . . . . . . . . . . Unused Backups 49 | . 4 6 1 2 9 5 1 3 3 1 5 9 Power 3 | . . . . 1 1 1 . . . . . . Propulsion 14 | . . 5 . . 4 1 1 1 1 . . 1 Utility 21 | . 4 . 1 1 2 3 . 2 . 1 2 5 Weapon 11 | . . 1 . . 2 . . . 2 . 3 3 Tool/Special . | . . . . . . . . . . . . . Average Slot Usage (%) 94 | . 99 68 75 100 99 99 98 98 81 84 93 83 Engine 5 | . 14 5 14 14 4 4 . 2 5 1 5 . Core 3 | . . . . . 4 4 9 6 1 5 1 6 Treads 13 | . 27 11 . . 16 17 17 18 . . . 11 Wheel 1 | . . 4 28 28 . . . . . . . . Hover 6 | . . . . . . . . . 29 30 29 . Device 10 | . 13 14 14 14 13 9 9 9 10 14 8 4 Storage 9 | . 14 14 14 14 9 9 9 9 7 7 7 7 Processor 6 | . . . . . 4 . 8 12 12 15 15 13 Hackware 7 | . . . . . 15 18 7 4 1 . 5 . Protection 4 | . . . . . 1 9 9 8 4 . . 12 Ballistic Gun 18 | . 3 . . . 26 24 25 26 5 6 16 19 Ballistic Cannon 3 | . 24 18 4 28 . . . . . . . . Peak Build Rating 78 | 9 10 10 12 12 40 41 44 51 63 61 62 78 Average Rating 38 | 7 9 7 9 11 34 38 42 45 49 54 55 67 On Entrance 29 | . 9 10 10 12 12 40 41 44 51 53 53 48 Avg Prop Armor Cover (%) 12 | . . . . . . . . . . 12 . 8 Naked Turns . | . . . . . . . . . . . . . Heaviest Build 82 | 11 30 30 50 50 72 75 69 68 59 68 60 82 Greatest Support 150 | 40 40 40 20 20 45 43 43 43 51 55 54 150 Greatest Overweight (x) 6 | . . 6 2 2 5 1 1 3 1 6 1 5 Average Overweight (x) . | . . 1 1 2 1 1 1 1 . 1 . . Largest Inventory Capacity 25 | 8 15 15 20 20 25 20 20 20 20 20 20 20 Average Capacity 18 | 7 13 15 17 20 20 20 20 20 20 20 20 20 Most Carried 20 | 1 15 15 20 20 20 20 20 20 20 20 20 20 Average Carried 18 | . 11 14 16 19 19 19 19 19 19 19 19 19 Final Capacity 20 | 8 15 15 20 20 20 20 20 20 20 20 20 20 Final Carried 20 | 1 15 15 20 20 20 20 20 20 20 20 20 20 Class Distribution -------------------- 17% | Hacker-Tank 16% | Mutant 15% | Scavenger-Mutant 12% | Tank 11% | Scavenger-Skirmisher 8% | Scavenger-Tank 7% | Scavenger-Gunner 4% | Hacker-Skirmisher Dominant Class ---------------- Mutant | -10/Materials Mutant | -10/Mines Scavenger-Mutant | -10/Exiles Scavenger-Mutant | -9/Mines Scavenger-Skirmisher | -8/Materials Hacker-Tank | -8/Garrison Tank | -8/Materials Tank | -8/Storage Scavenger-Mutant | -7/Factory Scavenger-Mutant | -7/Waste Scavenger-Gunner | -7/Factory Scavenger-Tank | -7/Garrison Resources | -11 -10 -10 -10 -9 -8 -8 -8 -8 -7 -7 -7 -7 ----------- Run | Yrd Mat Min Exi Min Mat Gar Mat Sto Fac Was Fac Gar Matter Collected 11298 | 324 761 628 78 145 2379 1164 491 1364 446 681 1860 977 Remotely 1119 | . . . . . . . . . . 641 478 . Salvage Created 12975 | 177 790 252 . 53 2595 870 613 1677 371 1177 2407 1993 Parts 574 | 15 55 12 . 2 131 39 34 81 24 . 105 76 Haulers Intercepted 16 | . 2 . . . 5 . . 6 1 . 2 . Recyclers Shooed 12 | . 3 . . . 6 . 2 . 1 . . . Parts Field Recycled . | . . . . . . . . . . . . . Retrieved Matter . | . . . . . . . . . . . . . Parts Self-Destructed . | . . . . . . . . . . . . . Prevented . | . . . . . . . . . . . . . Parts Restored . | . . . . . . . . . . . . . Kills | -11 -10 -10 -10 -9 -8 -8 -8 -8 -7 -7 -7 -7 ------- Run | Yrd Mat Min Exi Min Mat Gar Mat Sto Fac Was Fac Gar Combat Hostiles Destroyed 193 | . 20 16 . 2 36 17 11 14 6 6 42 23 Guns 99 | . . . . . 28 10 7 7 6 . 19 22 Cannons 26 | . 12 10 . 2 . 2 . . . . . . AOE 68 | . 8 6 . . 8 5 4 7 . 6 23 1 Classes Destroyed 22 | 3 6 1 . . 6 2 . . 1 1 1 1 Worker 35 | 2 2 2 . . 9 . . 14 1 . 5 . Builder 9 | . 1 . . . 3 . . 4 . . 1 . Tunneler 4 | 3 . . . . . . . . . . 1 . Hauler 16 | . 2 . . . 5 . . 6 1 . 2 . Recycler 31 | 1 4 2 . . 6 . 4 7 . . 7 . Mechanic 7 | . . . . . 1 . 2 2 . . 2 . Operator 7 | . 2 . . . 1 . . 2 1 . 1 . Watcher 15 | . 3 . . . 5 1 . 2 . . 4 . Swarmer 24 | . 6 . . . 7 2 2 3 . . 1 3 Cutter 4 | . . . . . . 1 3 . . . . . Grunt 93 | . 14 2 . 2 19 7 3 6 3 . 25 12 Brawler 4 | . . . . . 1 . . . . . 3 . Duelist 4 | . . . . . 1 . . . . . 3 . Protector 3 | . . . . . . . . . . . 3 . Sentry 21 | . . . . . 6 3 3 4 1 . 2 2 Specialist 4 | . . . . . . 1 . . . . 1 2 Hunter 9 | . . . . . 1 3 . . . . 3 2 Programmer 3 | . . . . . . . . . 2 . 1 . Heavy 1 | . . . . . 1 . . . . . . . Behemoth 2 | . . . . . . . . . . . . 2 Compactor 6 | . . . . . . . . . . 6 . . Assembled 14 | . . 14 . . . . . . . . . . Surgeon 2 | . . . . . . . . . . . 2 . Best Kill Streak 18 | 2 6 5 . 2 8 3 4 7 5 3 18 6 Combat Bots Only 15 | . 3 5 . 2 4 3 4 6 4 3 15 6 Max Kills in Single Turn 10 | 1 3 3 . 1 7 3 4 4 1 1 10 2 Gunslinging 1 | . . . . . . 1 . . . . 1 1 Exploded 9 | . 2 3 . . 4 3 3 3 . 1 9 1 Melee . | . . . . . . . . . . . . . Uniques/NPCs Destroyed 1 | . . . . . . . . 1 . . . . 01-MTF (-8/Storage) Combat | -11 -10 -10 -10 -9 -8 -8 -8 -8 -7 -7 -7 -7 -------- Run | Yrd Mat Min Exi Min Mat Gar Mat Sto Fac Was Fac Gar Hostile Shots Fired 886 | . 58 63 . 10 167 108 30 49 31 . 206 164 Missed 296 | . 19 22 . 2 47 35 12 15 13 . 88 43 Hits 590 | . 39 41 . 8 120 73 18 34 18 . 118 121 Melee 5 | . . 3 . . . . 2 . . . . . Projectile 585 | . 39 38 . 8 120 73 16 34 18 . 118 121 AOE 15 | . . 9 . . . 2 3 . . . 1 . Critical Strikes 27 | . 2 1 . 2 5 . 4 5 . . 1 7 Actively Blocked 10 | . . . . . 1 . 4 5 . . . . Part Disruptions 2 | . . . . . . . . 2 . . . . Damage Taken 9637 | . 556 840 . 99 2079 1151 381 510 273 5 1751 1992 Core 1395 | . 56 160 . 14 317 97 15 32 47 . 389 268 Absorbed by Shields . | . . . . . . . . . . . . . Reduced by Siege Mode 57 | . . . . . . . . . . . . 57 Redirected to Shielding 120 | . . . . . 39 15 . . . . . 66 Ignored by Resistances 282 | . . . . . . . . . . . . 282 Regen/Repaired (Parts) 1458 | . 271 . . . 124 . 258 348 80 38 339 . Core Remaining (%) 41 | 100 . . . 8 . . . 16 . . . . Volleys Fired 852 | 27 61 53 . 11 152 121 22 68 16 27 89 205 Largest 3 | 2 2 2 . 2 3 3 3 3 3 2 3 3 Hottest 105 | 40 60 60 . 60 86 97 84 89 84 85 105 97 Shots Fired 1807 | 54 113 104 . 22 448 200 60 193 42 29 231 311 Gun 1302 | 54 . . . . 442 136 57 187 42 1 222 161 Cannon 229 | . 100 101 . 22 . 6 . . . . . . Launcher 81 | . 13 3 . . 6 11 3 5 . 28 9 3 Special 195 | . . . . . . 47 . 1 . . . 147 Kinetic 1531 | 54 100 101 . 22 442 142 57 187 42 1 222 161 Thermal 195 | . . . . . . 47 . 1 . . . 147 Explosive 81 | . 13 3 . . 6 11 3 5 . 28 9 3 Electromagnetic . | . . . . . . . . . . . . . Robot Hit Streak 50 | 8 5 6 . 4 21 14 16 13 18 19 28 50 Robot Miss Streak 10 | 5 3 5 . 3 5 5 6 10 4 1 2 2 Penetration Max 1 | . . . . . . . . 1 . . . . Secondary Targets 14 | . . . . . 1 1 1 . . . 4 7 Max Gunslinging Chain 2 | . . . . . 1 1 1 . . . 1 2 Shots Hit Robots 1193 | 31 54 49 . 12 273 97 36 124 37 26 179 275 Core Hits 710 | 13 44 29 . 3 117 63 44 120 23 21 123 110 Critical Kills 4 | . . . . . 3 . . 1 . . . . Critical Parts Destroyed 6 | . . . . . 1 2 . 2 1 . . . Critical Strikes 22 | . 2 2 . 1 4 6 . 3 1 . . 3 Destroy 10 | . . . . . 4 2 . 3 1 . . . Blast 5 | . 2 2 . 1 . . . . . . . . Sever 7 | . . . . . . 4 . . . . . 3 Melee Attacks 22 | . . . . . . 22 . . . . . . Impact . | . . . . . . . . . . . . . Slashing 22 | . . . . . . 22 . . . . . . Piercing . | . . . . . . . . . . . . . Sneak Attacks . | . . . . . . . . . . . . . Combat Hostiles . | . . . . . . . . . . . . . Follow-up Attacks . | . . . . . . . . . . . . . Damage Inflicted 33183 | 235 1747 1135 . 173 5066 2492 974 3182 843 4308 8390 4638 Guns 15778 | 235 . . . . 4122 970 639 2614 843 16 3572 2767 Cannons 2049 | . 869 934 . 173 . 73 . . . . . . Explosions 13310 | . 877 201 . . 944 984 335 564 . 4292 4818 295 Melee . | . . . . . . . . . . . . . Ramming 1 | . 1 . . . . . . . . . . . Kinetic 17827 | 235 869 934 . 173 4122 1043 639 2614 843 16 3572 2767 Thermal 3882 | . . . . . 224 465 . 4 . . 1613 1576 Explosive 11473 | . 877 201 . . 720 984 335 564 . 4292 3205 295 Electromagnetic . | . . . . . . . . . . . . . Impact . | . . . . . . . . . . . . . Slashing . | . . . . . . . . . . . . . Piercing . | . . . . . . . . . . . . . Highest Corruption 5 | . . 5 5 5 2 2 3 4 2 2 2 . Average Corruption 2 | . . 5 5 5 1 2 2 3 1 1 1 . Corruption Purged 7 | . . . . . . . . 4 . 1 2 . Corruption Blocked . | . . . . . . . . . . . . . Effects 179 | . . 13 8 11 38 40 13 35 . 8 13 . Message Errors 41 | . . 3 4 3 7 6 3 10 . 2 3 . Matter Fused 52 | . . 5 1 4 11 13 2 11 . 1 4 . Heat Flow Errors 21 | . . . 3 1 6 4 1 4 . 1 1 . Energy Discharges 18 | . . 2 . . 4 6 1 3 . 1 1 . Parts Rejected 1 | . . . . . 1 . . . . . . . Parts Fused 4 | . . . . . . 3 . 1 . . . . Data Loss (minor) 21 | . . 1 . 1 5 3 4 5 . 1 1 . Data Loss (major) 10 | . . . . 2 2 3 1 . . 1 1 . Misfires 3 | . . . . . 1 2 . . . . . . Alerts 5 | . . 1 . . 1 . 1 1 . . 1 . Weapon Failures 3 | . . 1 . . . . . . . 1 1 . Overload Shots . | . . . . . . . . . . . . . Overflow Damage 721 | . 37 29 . . 3 7 37 35 . 18 555 . Projectiles 32 | . 3 29 . . . . . . . . . . Explosions 689 | . 34 . . . 3 7 37 35 . 18 555 . Melee . | . . . . . . . . . . . . . Knockbacks 27 | . 10 12 . 3 . 2 . . . . . . Impact . | . . . . . . . . . . . . . Kinetic 27 | . 10 12 . 3 . 2 . . . . . . Secondary . | . . . . . . . . . . . . . Self-Inflicted Damage 518 | . 82 . . . . 59 53 . . 5 319 . Shots 16 | . 4 . . . . 4 1 . . 1 6 . Rammed 2 | . 2 . . . . . . . . . . . Targets Rammed 2 | . 2 . . . . . . . . . . . Kicked . | . . . . . . . . . . . . . Crushed . | . . . . . . . . . . . . . Highest Temperature 347 | . 108 96 274 155 347 259 122 254 36 88 207 204 Average Temperature 55 | . 36 56 104 46 81 68 42 33 11 17 18 59 Received Heat Transfer 2700 | . 264 96 . 93 648 171 63 180 60 . 438 687 Siege Activations 1 | . . . . . . . . . . . . 1 Total Turns 45 | . . . . . . . . . . . . 45 Longest Duration 45 | . . . . . . . . . . . . 45 Martial Activations . | . . . . . . . . . . . . . Shielding Activations . | . . . . . . . . . . . . . Robots Disrupted . | . . . . . . . . . . . . . Combat Hostiles . | . . . . . . . . . . . . . Robots Corrupted . | . . . . . . . . . . . . . Combat Hostiles . | . . . . . . . . . . . . . Parts Fried . | . . . . . . . . . . . . . Impact Corruptions . | . . . . . . . . . . . . . Robots Melted . | . . . . . . . . . . . . . Combat Hostiles . | . . . . . . . . . . . . . Parts Melted 4 | . . . . . 2 . . . . . 2 . Heat Transferred 8007 | . . . . . 200 1554 . 37 . . 925 5291 Parts Sabotaged . | . . . . . . . . . . . . . Parts Stolen . | . . . . . . . . . . . . . Parts Stripped . | . . . . . . . . . . . . . Power Chain Reactions . | . . . . . . . . . . . . . Alert | -11 -10 -10 -10 -9 -8 -8 -8 -8 -7 -7 -7 -7 ------- Run | Yrd Mat Min Exi Min Mat Gar Mat Sto Fac Was Fac Gar Maximum Alert Level 5 | . 1 . . . 3 5 4 2 1 . 5 5 Low Security (%) 25 | 100 52 100 . 100 13 . . . 73 100 19 . Level 1 26 | . 47 . . . 60 . . 55 26 . 14 . Level 2 13 | . . . . . 23 9 . 44 . . 6 . Level 3 8 | . . . . . 2 30 . . . . 20 . Level 4 11 | . . . . . . 30 100 . . . 23 2 Level 5 12 | . . . . . . 30 . . . . . 97 High Security 1 | . . . . . . . . . . . 15 . Max Security . | . . . . . . . . . . . . . Peak Influence 2582 | 10 369 148 . 106 709 2582 1334 569 262 127 2304 2358 Initial 1598 | . . 138 . . 35 457 1258 492 254 88 . 1598 Average 686 | . 172 34 . 14 328 1368 1214 419 184 40 908 1917 Influence Increases 11028 | 30 830 82 . 171 1726 2265 404 767 312 135 3396 910 Destroy 0b10 Robot/C 4280 | . 400 40 . 100 840 400 220 260 120 . 1340 560 Destroy 0b10 Robot/NC 765 | 30 70 20 . . 155 30 30 185 15 . 190 40 Destroy Leader 940 | . 90 10 . 20 260 30 60 86 52 . 302 30 Allied During Kill 1086 | . . . . 21 75 13 . . . . 895 82 Successful Hack 272 | . 28 . . . 42 34 8 79 5 . 69 7 Select Force Hacks 210 | . 60 . . . 90 . 30 . . . 30 . Disable Machine 570 | . 75 . . 15 120 30 30 45 15 . 240 . Anti-Garrison Action 1700 | . . . . . . 1550 . . . . . 150 Destroy Structure 650 | . 47 12 . . 54 118 26 52 . 120 180 41 Partial Spotted 60 | . . . . . . . . . 15 15 30 . Lose Combat Pursuer 495 | . 60 . . 15 90 60 . 60 90 . 120 . Influence Decreases 8670 | 30 476 436 . 81 1112 387 1820 1373 618 389 1112 836 Entered New Map 3674 | . . 216 . . 55 247 1324 674 306 166 . 686 Time Decay 3686 | 30 476 180 . 81 757 . 326 699 302 223 612 . Lost Part 300 | . . 40 . . 70 60 20 . 10 . 50 50 Lost Ally 560 | . . . . . 80 80 . . . . 300 100 Purge Threat 450 | . . . . . 150 . 150 . . . 150 . Squads Dispatched 68 | . 4 . . . 12 . 3 13 4 . 32 . Investigation 22 | . 3 . . . 6 . 2 8 . . 3 . Extermination 6 | . . . . . . . . . 2 . 4 . Reinforcement 11 | . 1 . . . 3 . 1 1 1 . 4 . Assault 20 | . . . . . . . . 2 . . 18 . Garrison 9 | . . . . . 3 . . 2 1 . 3 . Intercept . | . . . . . . . . . . . . . Searches Triggered . | . . . . . . . . . . . . . Construction Impeded 1 | . . . . . . . . . . . 1 . Haulers Reinforced . | . . . . . . . . . . . . . Active Scanning Responses . | . . . . . . . . . . . . . Cargo Convoy Interrupts . | . . . . . . . . . . . . . Stealth | -11 -10 -10 -10 -9 -8 -8 -8 -8 -7 -7 -7 -7 --------- Run | Yrd Mat Min Exi Min Mat Gar Mat Sto Fac Was Fac Gar Distress Signals 10 | . 3 . . . 3 1 . 1 . . 2 . Communications Jammed . | . . . . . . . . . . . . . Distress Signals . | . . . . . . . . . . . . . Times Spotted 360 | . 30 17 . 6 59 27 12 56 11 6 105 31 Peak Tracking Total 12 | . 4 4 . 4 7 5 3 8 4 5 12 5 Tactical Retreats 23 | . 3 . . 1 5 4 . 4 3 . 3 . Traps | -11 -10 -10 -10 -9 -8 -8 -8 -8 -7 -7 -7 -7 ------- Run | Yrd Mat Min Exi Min Mat Gar Mat Sto Fac Was Fac Gar Traps Triggered 25 | . 1 . . . 2 12 . 3 2 . 2 3 Indirectly . | . . . . . . . . . . . . . Trap Hack Attempts . | . . . . . . . . . . . . . Triggered . | . . . . . . . . . . . . . Disarmed 6 | . . . . . . . . . . . 6 . Reprogrammed 4 | . . . . . . . . . . . 4 . Reused . | . . . . . . . . . . . . . Traps Extracted . | . . . . . . . . . . . . . Installed . | . . . . . . . . . . . . . Triggered . | . . . . . . . . . . . . . Machines | -11 -10 -10 -10 -9 -8 -8 -8 -8 -7 -7 -7 -7 ---------- Run | Yrd Mat Min Exi Min Mat Gar Mat Sto Fac Was Fac Gar Machines Disabled 45 | . 5 . . 1 8 8 2 3 1 . 16 1 Max in Single Turn 5 | . 1 . . 1 2 1 1 1 1 . 5 1 Garrison Access 1 | . . . . . . . . 1 . . . . Garrison Relay 6 | . . . . . . 5 . . . . . 1 Machines Repaired . | . . . . . . . . . . . . . Machines Dismantled 2 | . . . . . . 1 . . 1 . . . Machines Sabotaged . | . . . . . . . . . . . . . Overloaded Fab Kills . | . . . . . . . . . . . . . Hacking | -11 -10 -10 -10 -9 -8 -8 -8 -8 -7 -7 -7 -7 --------- Run | Yrd Mat Min Exi Min Mat Gar Mat Sto Fac Was Fac Gar Machines Accessed 75 | . 10 . 1 . 16 2 4 16 8 . 17 1 Terminals 45 | . 7 . . . 9 2 2 11 4 . 9 1 Fabricators 6 | . . . . . . . . . 2 . 4 . Repair Stations 7 | . 1 . . . 2 . 1 2 1 . . . Recycling Units 8 | . 2 . . . 2 . . 2 1 . 1 . Scanalyzers 4 | . . . . . 2 . 1 . . . 1 . Garrison Access 4 | . . . . . 1 . . 1 . . 2 . Total Hacks 315 | . 46 . 1 . 105 9 29 56 19 . 48 2 Successful 192 | . 29 . 1 . 73 4 23 31 6 . 24 1 Failed 120 | . 16 . . . 31 5 6 25 13 . 23 1 Catastrophic 10 | . . . . . 2 1 1 . 3 . 3 . Database Lockouts 3 | . 1 . . . 1 . . . . . 1 . Manual 168 | . 34 . . . 57 5 8 22 9 . 33 . Terminals 178 | . 31 . . . 57 9 6 37 7 . 29 2 Fabricators 11 | . . . . . . . . . 4 . 7 . Repair Stations 36 | . 9 . . . 7 . 4 11 5 . . . Recycling Units 27 | . 6 . . . 10 . . 6 3 . 2 . Scanalyzers 50 | . . . . . 27 . 19 . . . 4 . Garrison Access 12 | . . . . . 4 . . 2 . . 6 . Terminal Hacks 49 | . 6 . 1 . 19 2 1 9 1 . 9 1 Record 1 | . . . 1 . . . . . . . . . Part Schematic 1 | . . . . . . . . 1 . . . . Robot Analysis 16 | . 3 . . . 9 . . 3 . . 1 . Prototype ID Bank 4 | . 1 . . . 3 . . . . . . . Open Door 4 | . . . . . . . . 3 . . . 1 Open DSF 1 | . . . . . . . . . 1 . . . Branch Access Points 2 | . . . . . 1 . . . . . 1 . Emergency Access Points 1 | . . . . . . 1 . . . . . . Terminal Index 4 | . 1 . . . 1 . . . . . 2 . Scanalyzer Index 1 | . . . . . . . . . . . 1 . Unreport Threat 3 | . . . . . 1 . 1 . . . 1 . Locate Traps 6 | . 1 . . . 2 . . 2 . . 1 . Disarm Traps 1 | . . . . . . . . . . . 1 . Reprogram Traps 1 | . . . . . . . . . . . 1 . Recall Reinforcements 1 | . . . . . 1 . . . . . . . Zone Layout 1 | . . . . . 1 . . . . . . . Patrol Navigation 1 | . . . . . . 1 . . . . . . Fabricator Hacks . | . . . . . . . . . . . . . Repair Station Hacks 27 | . 8 . . . 4 . 2 9 4 . . . Scan Component 15 | . 4 . . . 3 . 1 5 2 . . . Repair 12 | . 4 . . . 1 . 1 4 2 . . . Recycling Unit Hacks . | . . . . . . . . . . . . . Scanalyzer 40 | . . . . . 25 . 15 . . . . . Insert Component 11 | . . . . . 9 . 2 . . . . . Analyze 17 | . . . . . 12 . 5 . . . . . Retrieve Study 12 | . . . . . 4 . 8 . . . . . Garrison Access Hacks 2 | . . . . . 1 . . . . . 1 . Unlock Access 2 | . . . . . 1 . . . . . 1 . Unauthorized Hacks 74 | . 15 . . . 24 2 5 13 1 . 14 . Terminals 43 | . 13 . . . 15 2 2 6 . . 5 . Track 6 | . . . . . 3 2 . 1 . . . . Assimilate 2 | . 2 . . . . . . . . . . . Botnet 19 | . 5 . . . 5 . . 5 . . 4 . Disrupt 1 | . . . . . 1 . . . . . . . Operators 4 | . 1 . . . 1 . 1 . . . 1 . Skim 11 | . 5 . . . 5 . 1 . . . . . Fabricators 4 | . . . . . . . . . . . 4 . Report 1 | . . . . . . . . . . . 1 . Liberate 3 | . . . . . . . . . . . 3 . Repair Stations 4 | . . . . . 1 . 2 1 . . . . Mechanics 2 | . . . . . . . 1 1 . . . . Patch 2 | . . . . . 1 . 1 . . . . . Recycling Units 13 | . 2 . . . 4 . . 5 1 . 1 . Reject 3 | . . . . . 1 . . 2 . . . . Recyclers 4 | . . . . . 1 . . 1 1 . 1 . Mask 3 | . . . . . 1 . . 2 . . . . Tunnel 3 | . 2 . . . 1 . . . . . . . Scanalyzers 4 | . . . . . 2 . 1 . . . 1 . Extract 4 | . . . . . 2 . 1 . . . 1 . Garrison Access 6 | . . . . . 2 . . 1 . . 3 . Reprogram 2 | . . . . . 1 . . . . . 1 . Intercept 4 | . . . . . 1 . . 1 . . 2 . Data Cores Recovered 2 | . . . . . 1 . . . . . 1 . Used 1 | . . . . . . . . . . . 1 . Hacking Detections 69 | . 10 . . . 16 2 4 13 8 . 16 . Full Trace Events 6 | . . . . . . . . 6 . . . . Feedback Events 1 | . . . . . . . . 1 . . . . Corruption 1 | . . . . . . . . 1 . . . . Feedback Blocked . | . . . . . . . . . . . . . Robot Schematics Acquired . | . . . . . . . . . . . . . Robots Built . | . . . . . . . . . . . . . Authchips . | . . . . . . . . . . . . . Time . | . . . . . . . . . . . . . Total Robot Build Rating . | . . . . . . . . . . . . . Part Schematics Acquired 37 | . . . . . 23 . 10 1 . . 3 . Parts Built . | . . . . . . . . . . . . . Authchips . | . . . . . . . . . . . . . Time . | . . . . . . . . . . . . . Total Part Build Rating . | . . . . . . . . . . . . . Part Studies Acquired 12 | . . . . . 4 . 8 . . . . . Parts Repaired 12 | . 4 . . . 1 . 1 4 2 . . . Time 438 | . 116 . . . 44 . 32 170 76 . . . Parts Recycled . | . . . . . . . . . . . . . Recycled Matter . | . . . . . . . . . . . . . Retrieved Matter . | . . . . . . . . . . . . . Retrieved Components . | . . . . . . . . . . . . . Parts Scanalyzed 11 | . . . . . 9 . 2 . . . . . Part Schematics Acquired 11 | . . . . . 9 . 2 . . . . . Parts Damaged 2 | . . . . . 2 . . . . . . . Bothacking | -11 -10 -10 -10 -9 -8 -8 -8 -8 -7 -7 -7 -7 ------------ Run | Yrd Mat Min Exi Min Mat Gar Mat Sto Fac Was Fac Gar Used RIF Installer . | . . . . . . . . . . . . . Robots Hacked . | . . . . . . . . . . . . . Non-combat . | . . . . . . . . . . . . . Combat . | . . . . . . . . . . . . . Robot Hacks Applied . | . . . . . . . . . . . . . Relay Couplers Released 26 | . . . . . . 19 . 2 . . . 5 Machine Destruction 26 | . . . . . . 19 . 2 . . . 5 Fabnet Peak Effective % . | . . . . . . . . . . . . . Robots Rewired 9 | . . . . . . 4 . . . . . 5 Allies Hacked . | . . . . . . . . . . . . . Hacks Repelled . | . . . . . . . . . . . . . Allies | -11 -10 -10 -10 -9 -8 -8 -8 -8 -7 -7 -7 -7 -------- Run | Yrd Mat Min Exi Min Mat Gar Mat Sto Fac Was Fac Gar Total Allies 39 | . . . . 5 2 4 . . . 19 4 5 Largest Group 19 | . . . . 5 5 2 . . . 19 19 5 Highest-Rated Group 481 | . . . . 87 87 32 . . . 475 481 118 Highest-Rated Ally 39 | . . . . 31 31 16 . . . 35 35 39 Initial Warlord ECA Mod 11 | . . . . . . . 11 11 10 10 10 10 Total Orders 5 | . . . . . . 2 . . . . . 3 STAY 3 | . . . . . . 1 . . . . . 2 FOLLOW 2 | . . . . . . 1 . . . . . 1 Ally Attacks 346 | . . . . 11 57 16 . . . . 211 51 Total Damage 6334 | . . . . 146 637 139 . . . . 4731 681 Kills 64 | . . . . 3 8 3 . . . . 45 5 Allies Corrupted 2 | . . . . . . . . . . . 2 . Allies Melted . | . . . . . . . . . . . . . Intel | -11 -10 -10 -10 -9 -8 -8 -8 -8 -7 -7 -7 -7 ------- Run | Yrd Mat Min Exi Min Mat Gar Mat Sto Fac Was Fac Gar Active Infowar (turns) 9959 | 176 1791 962 377 588 3404 . 493 1744 . 3 421 . Sensors 2464 | . . . . . 2464 . . . . . . . Terrain 7296 | 176 1791 962 377 588 3402 . . . . . . . Structural 2 | . . . . . 2 . . . . . . . Machine Analysis 2237 | . . . . . . . 493 1744 . . . . Jamming 424 | . . . . . . . . . . 3 421 . Robot Analysis Total 16 | . 3 . . . 9 . . 3 . . 1 . Derelict Logs Recovered 2 | . . 1 . 1 . . . . . . . . Drone Launches . | . . . . . . . . . . . . . Drone Recoveries . | . . . . . . . . . . . . . Exploration | -11 -10 -10 -10 -9 -8 -8 -8 -8 -7 -7 -7 -7 ------------- Run | Yrd Mat Min Exi Min Mat Gar Mat Sto Fac Was Fac Gar Turns Passed 21205 | 271 1829 962 377 588 4120 3645 722 2973 678 913 2579 1548 Spaces Moved 10862 | 121 865 324 354 376 1547 1276 274 1234 778 560 2655 498 Core 37 | 3 . 32 . . . . . . . . . 2 Treads 5794 | 118 865 203 . . 1422 1276 274 1234 . . . 402 Legs 55 | . . . . . . . . . . . . 55 Wheels 944 | . . 89 354 376 125 . . . . . . . Hover 4032 | . . . . . . . . . 778 560 2655 39 Flight . | . . . . . . . . . . . . . Fastest Speed 50 | 50 160 95 95 110 110 245 205 197 62 54 71 71 Average Speed 154 | 157 160 175 102 110 227 247 215 205 63 133 77 157 Slowest Speed 350 | 160 160 350 110 110 320 250 245 290 127 350 141 330 Overloaded Moves 73 | . . . . . . . . . . 73 . . Propulsion Burnouts . | . . . . . . . . . . . . . Robots Hopped . | . . . . . . . . . . . . . Potential Cave-ins . | . . . . . . . . . . . . . Cave-ins Triggered . | . . . . . . . . . . . . . Exploration Rate (%) 61 | 6 98 56 57 81 89 90 21 91 18 96 60 40 Regions Visited 12 Branch Regions 4 Pre-discovered Areas 9 | . 2 1 1 . 5 . . . . . . . Known Exits Taken 6 | . 1 . 1 . 1 . 1 1 . . 1 . Unknown Exits Taken 3 | 1 . 1 . 1 . . . . . . . . Scrap Searched 2 | . . . . 2 . . . . . . . . Spaces Dug 124 | . 5 . . . . 40 9 46 . 24 . . Terrain Destroyed 635 | . 42 16 . . 38 84 25 56 . 182 151 41 Melee . | . . . . . . . . . . . . . Projectile 8 | . . . . . . 3 . 2 . . . 3 AOE 627 | . 42 16 . . 38 81 25 54 . 182 151 38 Terrain Rammed . | . . . . . . . . . . . . . Walls Destroyed . | . . . . . . . . . . . . . Machines Disabled . | . . . . . . . . . . . . . Actions | -11 -10 -10 -10 -9 -8 -8 -8 -8 -7 -7 -7 -7 --------- Run | Yrd Mat Min Exi Min Mat Gar Mat Sto Fac Was Fac Gar Total 13596 | 155 1194 620 372 530 1887 1523 352 1520 929 689 2978 847 Wait 1074 | . 218 202 . 139 66 2 34 149 58 57 129 20 Move 10851 | 120 864 323 353 375 1546 1275 273 1233 778 559 2654 498 Hop . | . . . . . . . . . . . . . Pick Up 143 | 1 21 10 8 2 32 14 2 10 14 4 13 12 Fast Attach 56 | 7 3 4 2 . 7 2 3 5 1 5 9 8 Attach 70 | . 1 7 . . 10 7 2 2 18 5 11 7 Detach 51 | . . 4 . . 1 3 2 3 17 7 11 3 Swap 211 | . 16 7 2 . 40 26 11 33 9 17 31 19 Drop 139 | . 8 10 7 3 33 11 2 13 12 8 18 14 Fire 852 | 27 61 53 . 11 152 121 22 68 16 27 89 205 Melee 22 | . . . . . . 22 . . . . . . Ram . | . . . . . . . . . . . . . Kick . | . . . . . . . . . . . . . Crush 2 | . 2 . . . . . . . . . . . Escape Stasis 51 | . . . . . . 24 . 4 . . 13 10 Rewire 63 | . . . . . . 12 . . . . . 51 Trap . | . . . . . . . . . . . . . Miscellaneous 11 | . . . . . . 4 1 . 6 . . . Route ------- -11/Scrapyard -10/Materials (discovered 5 exits: [*Mat x3] / *Min / [*Sub]) -10/Mines (discovered 2 exits: [*Mat] / *Exi) -10/Exiles -9/Mines -8/Materials (discovered 5 exits: *Fac x3 / *Sto / Gar) -8/Garrison (discovered 3 exits: *Mat x3) -8/Materials (discovered 4 exits: Fac x3 / *Sto) -8/Storage (discovered 2 exits: *Fac / Rec) -7/Factory -7/Waste -7/Factory (discovered 6 exits: [*Fac x3] / Low x2 / Gar) -7/Garrison History --------- Turn | Location | Event 36 | -11/Scrapyard | Discovered new exit (range 15) 272 | -11/Scrapyard | Entered Materials 311 | -10/Materials | Build established: Mutant 828 | -10/Materials | Discovered new exit (range 16) 980 | -10/Materials | Discovered new exit (range 15) 1012 | -10/Materials | Central database locked down 1371 | -10/Materials | Identified exit to Mines 1442 | -10/Materials | Learned Storage stockpile data 1478 | -10/Materials | Discovered new exit (range 8) 1492 | -10/Materials | Discovered new exit (range 15) 1505 | -10/Materials | Learned 4 Recycling zone layouts 1557 | -10/Materials | Learned Storage security intel 1579 | -10/Materials | Repaired Lgt. Treads 1600 | -10/Materials | Learned location of 1 exit from Storage 1607 | -10/Materials | Repaired Lgt. Cannon 1646 | -10/Materials | Repaired Imp. Terrain Scanner 1653 | -10/Materials | Loaded intel: 2 recycling unit locations 1673 | -10/Materials | Repaired Lgt. Treads 2101 | -10/Materials | Entered Mines 2146 | -10/Mines | Discovered new exit (range 8) 2270 | -10/Mines | Deemed a non-threat by the Exiles lab entrance 2270 | -10/Mines | Discovered new exit (range 5) 2332 | -10/Mines | Assembled infested the area 2369 | -10/Mines | Learned location of 1 exit from Materials 2381 | -10/Mines | Core integrity fell below 50% 2419 | -10/Mines | Lost 4 parts (1p1n2w) 2448 | -10/Mines | Learned location of Storage (-8) 2565 | -10/Mines | Core integrity fell below 20% 3063 | -10/Mines | Entered Exiles 3064 | -10/Exiles | Identified exit to Mines 3118 | -10/Exiles | Met 8R-AWN 3133 | -10/Exiles | Met EX-HEX 3200 | -10/Exiles | Met EX-DEC 3216 | -10/Exiles | Learned location of Zion (-7) 3266 | -10/Exiles | Build established: Scavenger-Mutant 3355 | -10/Exiles | Met EX-BIN 3440 | -10/Exiles | Entered Mines 3448 | -9/Mines | Learned 2 Materials zone layouts 3824 | -9/Mines | Assisted by bots powering up and referring to "LRC-V3" 3965 | -9/Mines | Found a Scrap Suit stashed away for nefarious purposes 3968 | -9/Mines | Found Scrap Suit 3991 | -9/Mines | Discovered new exit (range 5) 4028 | -9/Mines | Entered Materials 4028 | -8/Materials | Accompanied by 5 allies 4028 | -8/Materials | Evolved 4 slots: Utility x3, Weapon x1 4029 | -8/Materials | Identified exit to Factory 4033 | -8/Materials | Led the pair of lost Derelicts to an unsafe place 4084 | -8/Materials | Garrison activated, responded to threat 4289 | -8/Materials | Lost 3 allies 4342 | -8/Materials | Build established: Scavenger-Skirmisher 4376 | -8/Materials | Identified exit to Garrison 4871 | -8/Materials | Discovered exit to Factory (range 16) 6577 | -8/Materials | Discovered exit to Factory (range 15) 6814 | -8/Materials | Discovered new exit (range 15) 7039 | -8/Materials | Build established: Hacker-Skirmisher 7216 | -8/Materials | Central database locked down 7418 | -8/Materials | Identified exit to Storage 7462 | -8/Materials | Learned location of 1 exit from Storage 7592 | -8/Materials | Core integrity fell below 50% 7798 | -8/Materials | Repaired Broken Plasma Cutter 7913 | -8/Materials | Build established: Hacker-Gunner 8016 | -8/Materials | Watched by a mysterious "MATRIX" hacker. 8148 | -8/Materials | Entered Garrison 8148 | -8/Garrison | Accompanied by 2 allies 8310 | -8/Garrison | Triggered checkpoint 8340 | -8/Garrison | Garrison Relay disabled 8357 | -8/Garrison | Build established: Hacker-Tank 8464 | -8/Garrison | Triggered checkpoint 8522 | -8/Garrison | Triggered checkpoint 8594 | -8/Garrison | Discovered new exit (range 10) 8674 | -8/Garrison | Triggered checkpoint 8749 | -8/Garrison | Garrison Relay disabled 9030 | -8/Garrison | Triggered checkpoint 9160 | -8/Garrison | Triggered checkpoint 9216 | -8/Garrison | Garrison Relay disabled 9537 | -8/Garrison | Discovered new exit (range 14) 9687 | -8/Garrison | Lost 3 parts (2n1w) 10710 | -8/Garrison | Triggered checkpoint 10735 | -8/Garrison | Garrison Relay disabled 10752 | -8/Garrison | Garrison Relay disabled 10911 | -8/Garrison | Discovered new exit (range 13) 11793 | -8/Garrison | Entered Materials 11965 | -8/Materials | Repaired Imp. Treads 12210 | -8/Materials | Build established: Tank 12466 | -8/Materials | Discovered exit to Storage (range 14) 12515 | -8/Materials | Entered Storage 12517 | -8/Storage | Identified exit to Recycling 12592 | -8/Storage | Repaired Missile Launcher+ 12637 | -8/Storage | Repaired Gauss Rifle 12683 | -8/Storage | Repaired Flak Gun 12755 | -8/Storage | Core integrity fell below 20% 13110 | -8/Storage | Met 01-MTF 13383 | -8/Storage | Repaired Imp. Medium Armor Plating? 13420 | -8/Storage | Build established: Scavenger-Tank 14214 | -8/Storage | Garrison activated, responded to threat 14637 | -8/Storage | Build established: Tank 15475 | -8/Storage | Destroyed 01-MTF 15488 | -8/Storage | Entered Factory 15488 | -7/Factory | Evolved 2 slots: Propulsion x2 15573 | -7/Factory | Discovered new exit (range 15) 15642 | -7/Factory | Identified exit to DSF 15868 | -7/Factory | Repaired Gauss Rifle? 15936 | -7/Factory | Repaired Plasma Cutter+ 16114 | -7/Factory | Garrison activated, responded to threat 16166 | -7/Factory | Sucked down chute 16166 | -7/Factory | Entered Waste 16180 | -7/Waste | Spotted C-40 Crusher 16187 | -7/Waste | Destroyed C-40 Crusher 16208 | -7/Waste | Spotted C-40 Crusher 16244 | -7/Waste | Spotted C-40 Crusher 16246 | -7/Waste | Spotted C-40 Crusher 16246 | -7/Waste | Spotted C-40 Crusher 16267 | -7/Waste | Spotted C-40 Crusher 16294 | -7/Waste | Destroyed C-40 Crusher 16301 | -7/Waste | Destroyed C-40 Crusher 16327 | -7/Waste | Destroyed C-40 Crusher 16342 | -7/Waste | Destroyed C-40 Crusher 16344 | -7/Waste | Destroyed C-40 Crusher 16380 | -7/Waste | Warlord forces began an assault 16678 | -7/Waste | Build established: Scavenger-Mutant 16703 | -7/Waste | Discovered new exit (range 14) 17079 | -7/Waste | Entered Factory 17079 | -7/Factory | Accompanied by 19 allies 17251 | -7/Factory | Lost 3 allies 17562 | -7/Factory | Discovered new exit (range 8) 17596 | -7/Factory | Discovered new exit (range 5) 17667 | -7/Factory | Identified exit to Garrison 17865 | -7/Factory | Garrison activated, responded to threat 18165 | -7/Factory | Discovered new exit (range 8) 18212 | -7/Factory | Lost 7 allies 18452 | -7/Factory | Build established: Scavenger-Gunner 18679 | -7/Factory | First assault squad dispatched 18942 | -7/Factory | Identified exit to Lower Caves 18942 | -7/Factory | Targeted by mysterious "MATRIX" hacker. 19186 | -7/Factory | Central database locked down 19271 | -7/Factory | High security lockdown imminent 19324 | -7/Factory | Destroyed 15 combat bots 19351 | -7/Factory | High security lockdown engaged 19510 | -7/Factory | Core integrity fell below 50% 19530 | -7/Factory | Destroyed 9 combat bots 19658 | -7/Factory | Entered Garrison 19684 | -7/Garrison | Triggered checkpoint 19800 | -7/Garrison | Triggered checkpoint 19837 | -7/Garrison | Garrison Relay disabled 20272 | -7/Garrison | Build established: Scavenger-Tank 20742 | -7/Garrison | Triggered checkpoint 20764 | -7/Garrison | Triggered checkpoint 20812 | -7/Garrison | Spotted B-75 Beast 20812 | -7/Garrison | Spotted B-75 Beast 20856 | -7/Garrison | Core integrity fell below 20% 20858 | -7/Garrison | Destroyed B-75 Beast 20866 | -7/Garrison | Lost 3 allies 20871 | -7/Garrison | Destroyed B-75 Beast 21206 | -7/Garrison | Destroyed by Y-54 Guardian with Gatling Laser Last Messages --------------- 20999_ S-27 Virus destroyed. 20999_ Switching to secondary target: G-47 Trooper. 20999_ G-47 Trooper destroyed. 21003_ Prc. Assault Rifle destroyed. 21004_ S-27 Virus destroyed. 21004_ Switching to secondary target: G-47 Trooper. 21004_ G-47 Trooper destroyed. 21004_ Switching to secondary target: G-50 Soldier. 21010_ G-50 Soldier destroyed. 21013_ Acquired 29 matter. 21015_ Acquired 26 matter. 21018_ Acquired 23 matter. 21028_ Acquired 4 matter. 21063_ Acquired Lyr. Medium Armor Plating. 21070_ Acquired Imp. Propulsion Shielding. 21150_ Destroyed Lgt. Ion Engine. 21153_ Destroyed Com. Wheel. 21153_ R-06 Scavenger destroyed. 21157_ Acquired 36 matter. 21180_ Y-54 Guardian springs to life. Map ----- +----------------------------------------------------+ | ?# *%!#############% ## ## ##??????????? | | ?# =! [ %% %% ??????????? | | ?# %!%= * * % [ ??????????? | | ?#[[[] !###"#= ####### #???????????? | | ?#########?### #?????# ##""""## ##???????????? | | ?????????????# #?????# #??????? #????????????? | | ?????????????# #?????# #??????????????????????? | | ?????????????# #?????# [[##?????????????????????? | | ?????????????# #?????#=%=+??????????????????????? | | ?????????????# #?????#!=%#??????????????????????? | | ?????????????# #?????# =[#??????????????????????? | | ??????######## #######[ #??????????????????????? | | = = #??????????????????????? | | = #??????????????????????? | | ^ = #??????????????????????? | | ####### ##### ####+#### #??????????????????????? | | ??????# ?????# #???????# #??????????????????????? | | ??????"??????# "???????# #??????????????????????? | | ?????????????# "???????# #??????????????????????? | | ?????????????# "???????# #??????????????????????? | | ?????????????# #???????# #??????????????????????? | | ?????????????# #???????# #??????????????????????? | | ?????????????# #???????# #??????????????????????? | | ?????????????# #???????# #??????????????????????? | | ?????????????# ######### #??????????????????????? | | ?????????????# bY @#??????????????????????? | | ?????????????# ###!!!### #??????????????????????? | | ?????????????# #?#####?# #??????????????????????? | | ?????????????# #?????### #??????????????????????? | | ?????????????# #?????#%! ##?????????????????????? | | ?????????????# #?????#= #?????????????????????? | | ?????????????# #?????# #?????????????????????? | | ?????????????# ?????### #?????????????????????? | | ?????????????# ??????? #?????????????????????? | | ?????????????# ??????? #?????????????????????? | | ?????????????# #??????#####?????????????????????? | | ?????????????# ?????????????????????????????????? | | ?????????????# ?????????????????????????????????? | | ??????????????##?????????????????????????????????? | | ?????????????????????????????????????????????????? | | ?????????????????????????????????????????????????? | | ?????????????????????????????????????????????????? | | ?????????????????????????????????????????????????? | | ?????????????????????????????????????????????????? | | ?????????????????????????????????????????????????? | | ?????????????????????????????????????????????????? | | ?????????????????????????????????????????????????? | | | | | | | +----------------------------------------------------+ Best States ------------- Heat Dissipation 61 Energy Generation 23 Energy Capacity 290 Matter Stores 409 Matter Capacity 450 Sight Range 16 Robot Scan Range 15 Terrain Scan Range 16 Terrain Scan Density 110 Jamming Range 16 Additional Mass Support 6 Armor Coverage 750 Resistance: KI 30 Propulsion Shielding 66 Weapon Shielding 33 Weapon Cycling 15 Melee Speed Boost 20 Evasion (%) 54 Targeting Accuracy 16 Recoil Reduction 4 Offensive Hacking 10 Defensive Hacking 20 Authchip Count 1 Item Schematics ----------------- Fission Core | -8/Materials | Scanalyzed Plasma Cutter | -8/Materials | Scanalyzed Flak Cannon | -8/Materials | Scanalyzed Enh. Autogun | -8/Materials | Scanalyzed Com. Matter Pod | -8/Materials | Scanalyzed Imp. Sensor Array | -8/Materials | Extracted Spread Laser | -8/Materials | Extracted Rnf. Deuterium Engine | -8/Materials | Scanalyzed Graphene Brace | -8/Materials | Scanalyzed Arm. Treads | -8/Materials | Scanalyzed Weapon Cycler | -8/Materials | Scanalyzed Hpw. Tractor Beam | -8/Materials | Extracted Carbon-fiber Leg | -8/Materials | Extracted Imp. Treads | -8/Materials | Extracted Trap Extractor | -8/Materials | Extracted Hardlight Generator | -8/Materials | Extracted Weapon Shielding | -8/Materials | Extracted Deuterium Engine | -8/Materials | Extracted Trap Scanner | -8/Materials | Extracted Power Shielding | -8/Materials | Extracted Targeting Computer | -8/Materials | Extracted Pulse Rifle | -8/Materials | Extracted Imp. Heat Sink | -8/Materials | Extracted Cmb. Airjet | -8/Materials | Scanalyzed Missile Launcher | -8/Materials | Scanalyzed Salvage Targeting Computer | -8/Materials | Extracted Imp. Light Armor Plating | -8/Materials | Extracted Imp. Aluminum Leg | -8/Materials | Extracted EM Shotgun | -8/Materials | Extracted Great Maul | -8/Materials | Extracted Lrg. Battery | -8/Materials | Extracted Adv. Treads | -8/Materials | Extracted Visual Processing Unit | -8/Materials | Extracted Med. Reactive Plating | -8/Storage | Hacked Arc Projector | -7/Factory | Extracted Imp. Titanium Leg | -7/Factory | Extracted Arm. Wheel | -7/Factory | Extracted Robot Schematics ------------------ None Fabricated ------------ Nothing Repaired ---------- Lgt. Treads | 37% | -10/Materials Lgt. Cannon | 20% | -10/Materials Imp. Terrain Scanner | 31% | -10/Materials Lgt. Treads | 47% | -10/Materials Plasma Cutter | 56% | -8/Materials | Broken Imp. Treads | 6% | -8/Materials Missile Launcher | 32% | -8/Storage Gauss Rifle | 48% | -8/Storage Flak Gun | 54% | -8/Storage Imp. Medium Armor Plating | 32% | -8/Storage Gauss Rifle | 60% | -7/Factory Plasma Cutter | 20% | -7/Factory Studied --------- Flak Cannon | -8/Materials | Hacked Lgt. Cannon | -8/Materials | Hacked Assault Rifle | -8/Materials | Hacked Lgt. Nuclear Core | -8/Materials | Hacked Nuclear Core | -8/Materials | Hacked Missile Launcher | -8/Materials | Hacked Hpw. Shotgun | -8/Materials | Hacked Hvy. Assault Rifle | -8/Materials | Hacked Arm. Treads | -8/Materials | Hacked Imp. Treads | -8/Materials | Hacked Adv. Treads | -8/Materials | Hacked Plasma Cutter | -8/Materials | Hacked Alien Tech Used ----------------- None Achievements -------------- None Challenges ------------ None Game ------ Seed ChargeTargetingBeacon Manual? 0 Play Time 02:47:58 Cumulative 662.3 hours Start 2026.03.05 @ 06:07:05 End 2026.03.05 @ 09:27:31 Sessions 1 Manual Loads 0 Difficulty Rogue Special Mode None Game No. 333 Rogue 333 Adventurer 0 Explorer 0 Win Type - Total 7 Types 3/0/2/1/0/0/0/0/0/1 Lore% 87 Gallery% 75 Achievement% 53 Wizard Run 0 Options --------- Layout 2 ASCII 0 Keyboard 1 Movement Vi Keybinds 0 Fullscreen 1 Font 16/Proggy Map View 55x47 Zoom Use 0% Tactical HUD 1 Map Filters NONE Filters NONE Steam 0 RUN: d5b63cac-058a-4dfd-b290-4907d2879fba